 Seeded DCSS version 0.29.1-15-g9cfb28693d (webtiles) character file.

Game seed: 14132077322704555735 (custom seed)

347 Gelion the Firebug (level 6, -5/35 HPs)
             Began as a Deep Elf Fire Elementalist on Mar 30, 2023.
             Slain by Edmund
             ... wielding a +2 dire flail of protection
              (8 damage)
             ... on level 4 of the Dungeon.
             The game lasted 00:07:00 (3181 turns).

Gelion the Firebug (Deep Elf Fire Elementalist)     Turns: 3181, Time: 00:07:00

Health: -5/35      AC:  5    Str:  5    XL:     6   Next: 33%
Magic:  2/14       EV: 13    Int: 22    God:
Gold:   151        SH:  0    Dex: 15    Spells: 6/13 levels left

rFire   . . .      SeeInvis .   (no weapon)
rCold   . . .      Faith    .   (no shield)
rNeg    . . .      Spirit   .   a - +0 robe
rPois   .          Reflect  .   u - +0 helmet
rElec   .          Harm     .   f - +0 cloak
rCorr   .          Rampage  .   (no gloves)
Will    .....                   c - +0 pair of boots
Stlth   ++........              (no amulet)
HPRegen 0.11/turn               (no ring)
MPRegen 0.14/turn               (no ring)

@: no status effects
A: no striking features
a: no special abilities


You were on level 4 of the Dungeon.
You visited 1 branch of the dungeon, and saw 4 of its levels.

You collected 151 gold pieces.

Inventory:

Armour
 a - a +0 robe (worn)
 c - a +0 pair of boots (worn)
 f - a +0 cloak (worn)
 u - a +0 helmet (worn)
Scrolls
 d - a scroll of blinking {unknown}
 i - 5 scrolls of identify {unknown}
 k - a scroll of summoning {unknown}
 l - a scroll of fog {unknown}
 n - a scroll of vulnerability {unknown}
 p - a scroll of fear {unknown}
 q - a scroll of magic mapping {unknown}
 t - 2 scrolls of teleportation {unknown}
Potions
 b - a potion of magic
 e - 3 potions of curing {unknown}
 g - a potion of resistance {unknown}
 h - a potion of degeneration {unknown}
 j - a potion of berserk rage {unknown}
 m - 2 potions of lignification {unknown}
 r - a potion of flight {unknown}
 s - a potion of brilliance {unknown}


   Skills:
 + Level 1.8 Fighting
 + Level 3.7 Dodging
 - Level 2.4 Stealth
 + Level 4.3 Spellcasting
 * Level 3.8 Conjurations
 * Level 5.0 Fire Magic


You had 6 spell levels left.
You knew the following spells:

 Your Spells              Type           Power      Damage    Failure   Level
a - Foxfire               Conj/Fire      96%        2x1d8     1%          1
b - Scorch                Fire           52%        2d7       1%          2
c - Flame Wave            Conj/Fire      24%        2d8       17%         4

Your spell library contained the following spells:

 Spells                   Type           Power      Damage    Failure   Level
 Conjure Flame            Conj/Fire      24%        6-21      5%          3
 Inner Flame              Hex/Fire       15%        N/A       12%         3
 Portal Projectile        Hex/Tloc       8%         N/A       32%         3
 Tukima's Dance           Hex            4%         N/A       32%         3
 Fireball                 Conj/Fire      12%        3d7       43%         5
 Starburst                Conj/Fire      12%        6d5       95%         6
 Blade Hands              Tmut           2%         N/A       97%         5
 Ignition                 Fire           13%        3d6       100%        8


Dungeon Overview and Level Annotations

Branches:
Dungeon (4/15)
 Temple: D:4-7

Altars:

Shops:
D:3 (

Annotations:
D:4 Edmund


Message History

Casting: Foxfire (safe; 1% risk of failure)
Confirm with . or Enter, or press ? or * to list all spells.
You conjure some foxfire!
The foxfire hits Edmund but does no damage.
Edmund is moderately wounded.
The foxfire hits Edmund but does no damage.
Edmund is moderately wounded.
Edmund barely misses you.
Casting: Foxfire (safe; 1% risk of failure)
Confirm with . or Enter, or press ? or * to list all spells.
Flames lash Edmund.
Edmund is burned terribly!
Edmund is severely wounded.
The foxfire hits Edmund.
Edmund is burned terribly!
Edmund is severely wounded.
The foxfire hits Edmund.
Edmund is burned terribly!
Edmund is almost dead.
Edmund hits you with a +2 dire flail of protection!
Casting: Scorch (safe; 1% risk of failure)
Confirm with . or Enter, or press ? or * to list all spells.
Flames lash Edmund.
Edmund is burned terribly!
Edmund is almost dead.
Edmund barely misses you.
Casting: Scorch (safe; 1% risk of failure)
Confirm with . or Enter, or press ? or * to list all spells.
Flames lash Edmund but do no damage.
Edmund hits you with a +2 dire flail of protection!
Casting: Scorch (safe; 1% risk of failure)
Confirm with . or Enter, or press ? or * to list all spells.
You don't have enough magic to cast this spell.
Edmund misses you. Edmund attacks as you move away!
Edmund hits you with a +2 dire flail of protection!
* * * LOW HITPOINT WARNING * * *
Edmund hits you with a +2 dire flail of protection.
* * * LOW HITPOINT WARNING * * *
The air fills with toxic fumes!
As you read the scroll labelled PELYICH YNLAPP, it crumbles to dust.
It was a scroll of poison.
Edmund hits you with a +2 dire flail of protection!
You die...

##h## #.# ##..# #w#
#..## #§# ..##
##§###### .## ###
####§§§§§§§## #####.##
###§§§§§§§§§§..
###....##
#§§§§§§§§§§§§<.
........#
#§§§§§@§§§§§§..
........##
##§§§@§§§§§§§..
.........#
##§§§§§§§§§§##
.........##
#§§§§§§§§§##
..........##
##§§§§§§§##
...........###§§§§§§###
........)..†.§§##§§##
.......(....##§#####
............##§.#
#..........####.#


You could see Edmund (combustible) and a dart slug (wandering).

Vanquished Creatures
  A black bear (D:4)
  Natasha (thrice) (D:2)
  Robin (D:4)
  A gnoll (D:1)
  8 adders
  4 dart slugs
  An orc (D:3)
  10 ball pythons
  2 bats
  7 endoplasms
  5 giant cockroaches
  10 hobgoblins
  7 jackals
  3 kobolds
  A quokka (D:3)
  6 frilled lizards
  14 goblins
  5 rats
89 creatures vanquished.

Vanquished Creatures (collateral kills)
  4 foxfires (D:1)
4 creatures vanquished.

Vanquished Creatures (others)
  293 foxfires
  4 plants (D:1)
297 creatures vanquished.

Grand Total: 390 creatures vanquished

Notes
Turn   | Place    | Note
-------+----------+-------------------------------------------
     0 | D:1      | Gelion the Deep Elf Fire Elementalist began the quest for
                  | the Orb.
     0 | D:1      | Reached XP level 1. HP: 10/10 MP: 6/6
   242 | D:1      | Reached XP level 2. HP: 16/16 MP: 0/8
   828 | D:1      | Reached XP level 3. HP: 20/20 MP: 7/9
  1049 | D:1      | Found a faded altar of an unknown god.
  1306 | D:2      | Noticed Natasha
  1311 | D:2      | Killed Natasha
  1312 | D:2      | Reached skill level 1 in Fighting
  1312 | D:2      | Reached skill level 4 in Fire Magic
  1312 | D:2      | Reached XP level 4. HP: 25/25 MP: 5/11
  1424 | D:2      | Noticed Natasha
  1427 | D:2      | Killed Natasha
  1433 | D:2      | Noticed Natasha
  1441 | D:2      | Killed Natasha
  1442 | D:2      | Reached XP level 5. HP: 29/29 MP: 4/12
  1865 | D:3      | Learned a level 2 spell: Scorch
  1870 | D:3      | Learned a level 4 spell: Flame Wave
  2519 | D:3      | Found Muely's Weapon Shoppe.
  2935 | D:4      | Noticed a black bear
  2956 | D:4      | Killed a black bear
  2957 | D:4      | Reached XP level 6. HP: 35/35 MP: 9/14
  3016 | D:4      | Noticed Robin
  3029 | D:4      | Killed Robin
  3037 | D:4      | Reached skill level 5 in Fire Magic
  3160 | D:4      | Noticed Edmund
  3181 | D:4      | Slain by Edmund

Illustrated notes

Levels and vault maps discovered:
D:1:      wheals_arrival_shading, layout_basic, shapermc_ecumenical_altar_petra,
          nicolae_grassy_gnolls
D:2:      layout_rooms, chequers_serial_rivers_room_a, uniq_natasha
D:3:      layout_rooms, serial_shops, shop
D:4:      layout_cave_pods, chequers_mini_garden, uniq_edmund, uniq_robin

Skill      XL: |  1  2  3  4  5  6 |
---------------+-------------------+-----
Conjurations   | 2 3 |  3.8
Fighting       | 1 |  1.8
Dodging        | 3 |  3.7
Fire Magic     | 4 5 |  5.0
Spellcasting   | 4 |  4.3
Stealth        | |  2.4

Action                   |  1- 3 |  4- 6 || total
-------------------------+-------+-------++-------
Melee: Unarmed           |     3 |       ||     3
 Cast: Foxfire           |    69 |   104 ||   173
       Scorch            |       |    12 ||    12
  Use: Scroll            |       |     1 ||     1
Armor: Robe              |     5 |     2 ||     7
Dodge: Dodged            |    10 |     7 ||    17
